 Dungeon Crawl Stone Soup version 0.21-a0-260-g9b2435e (webtiles) character file.

1196 Gagarin the Skirmisher (level 8, -1/74 HPs)
             Began as a Hill Orc Fighter on Sept 7, 2017.
             Was a Follower of Makhleb.
             Killed by nerve-wracking pain
             ... invoked by an orc priest
              (8 damage)
             ... on level 6 of the Dungeon.
             The game lasted 00:14:01 (4293 turns).

Gagarin the Skirmisher (Hill Orc Fighter)           Turns: 4293, Time: 00:14:02

Health: -1/74      AC: 15    Str: 21    XL:     8   Next: 44%
Magic:  8/8        EV:  4    Int:  8    God:    Makhleb [*.....]
Gold:   290        SH: 12    Dex: 10    Spells: 7/7 levels left

rFire    . . .     SeeInvis .   a - +0 war axe
rCold    . . .     Gourm    .   c - +0 shield
rNeg     . . .     Faith    .   G - +0 plate armour
rPois    .         Spirit   .   F - +0 helmet
rElec    .         Reflect  +   p - scarf {cloud immunity}
rCorr    .         Harm     .   (no gloves)
MR       .....                  j - +0 pair of boots
Stlth    ..........             q - +3 amulet of reflection
HPRegen  0.22/turn              (no ring)
MPRegen  0.11/turn              (no ring)

@: no status effects
A: no striking features
a: Renounce Religion, Convert to Beogh


You were on level 6 of the Dungeon.
You worshipped Makhleb.
Makhleb was aware of your devotion.
You were not hungry.

You visited 2 branches of the dungeon, and saw 7 of its levels.

You collected 290 gold pieces.

Inventory:

Hand Weapons
 a - a +0 war axe (weapon)
Missiles
 x - 8 tomahawks of returning (quivered)
Armour
 c - a +0 shield (worn)
 j - a +0 pair of boots (worn)
 p - a scarf of cloud immunity (worn)
 F - a +0 helmet (worn)
 G - a +0 plate armour (worn)
Jewellery
 m - an uncursed ring of ice
 q - a +3 amulet of reflection (around neck)
Wands
 b - a wand of paralysis (10/24)
 B - a wand of acid (8/15)
Scrolls
 g - 2 scrolls of identify {unknown}
 i - 2 scrolls of noise {unknown}
 k - 2 scrolls of enchant weapon {unknown}
 l - 2 scrolls of blinking {unknown}
 s - 4 scrolls of remove curse
 t - a scroll of teleportation
 v - 3 scrolls of amnesia
 y - 4 scrolls of fear
 D - a scroll of magic mapping {unknown}
Potions
 e - a potion of lignification {unknown}
 h - a potion of brilliance {unknown}
 n - 2 potions of curing
 o - a potion of flight {unknown}
 u - 2 potions of heal wounds {unknown}
 w - a potion of mutation {unknown}
 z - a potion of agility {unknown}
 C - a potion of resistance {unknown}
 E - a potion of invisibility {unknown}
Comestibles
 d - 3 chunks of flesh
 f - 8 bread rations
 r - 2 meat rations
 A - a fruit
 H - 2 royal jellies


   Skills:
 + Level 7.9 Fighting
 + Level 7.6 Axes
 + Level 6.9 Armour
 - Level 3.3 Shields


You had 7 spell levels left.
You didn't know any spells.

Dungeon Overview and Level Annotations

Branches:
Dungeon (6/15)             Temple (1/1) D:4

Altars:
Ashenzari
Cheibriados
Dithmenos
Elyvilon
Fedhas
Hepliaklqana
Kikubaaqudgha
Makhleb
Nemelex Xobeh
Qazlal
Ru
Sif Muna
Trog
Uskayaw
Vehumet
Wu Jian
Xom
Yredelemnul
Zin
The Shining One

Annotations:
D:3 p0werm0de's ghost, amateur KoCK
D:5 Menkaure


Message History

The orc priest is lightly wounded.
You slash the bullfrog zombie! You slash the hound skeleton!
You destroy the hound skeleton!
Makhleb accepts your kill.
The orc priest calls down the wrath of Beogh upon you.
Beogh smites you!
* * * LOW HITPOINT WARNING * * *
The bullfrog zombie hits you but does no damage.
You slash the orc priest!
The orc priest is almost dead.
The orc priest shouts, "Join the one true god or die!"
You slash the bullfrog zombie!
The bullfrog zombie hits you but does no damage.
The orc priest invokes the aid of Beogh against you.
Pain shoots through your body!
* * * LOW HITPOINT WARNING * * *
You block the bullfrog zombie's attack.
The orc priest mumbles some strange prayers to Beogh against you.
Pain shoots through your body!
You die...

+.. ..# #..
..# #.. ..+
#.. ..# #..
..# #.. ..#
.
#..##).#....
#..Z@o.'....
#..##).#....
..... ..# .
....... ..#
....... ..#
####### ###


You could see an orc priest and a bullfrog zombie.

Vanquished Creatures
  Grinder (D:4)
  Eustachio (D:5)
  Duvessa (D:6)
  A phantom (D:5)
  An ogre (D:4)
  A bullfrog (D:5)
  Blork the orc (D:5)
  Dowan (D:6)
  A scorpion (D:5)
  2 crimson imps (D:5)
  2 orc wizards (D:5)
  An iguana (D:4)
  A worker ant (D:5)
  A killer bee zombie (D:5)
  Robin (D:4)
  A hound skeleton (D:6)
  3 gnolls (D:5)
  4 adders
  2 oozes
  2 dart slugs
  A leopard gecko (D:5)
  10 orcs
  A giant cockroach (D:3)
  12 goblins
  6 hobgoblins
  6 jackals
  3 quokkas
  A ball python (D:2)
  7 bats
  2 frilled lizards
  5 kobolds
  A quokka zombie (D:5)
  4 rats
88 creatures vanquished.

Notes
Turn   | Place    | Note
-------+----------+-------------------------------------------
     0 | D:1      | Gagarin the Hill Orc Fighter began the quest for the Orb.
     0 | D:1      | Reached XP level 1. HP: 19/19 MP: 1/1
   489 | D:2      | Reached XP level 2. HP: 10/27 MP: 2/2
   965 | D:2      | Reached XP level 3. HP: 33/33 MP: 3/3
  1393 | D:2      | Found a faded altar of an unknown god.
  1746 | D:3      | Noticed Grinder
  1750 | D:3      | Paralysed by Grinder for 5 turns
  1848 | D:3      | Noticed p0werm0de's ghost (amateur KoCK)
  1850 | D:3      | Reached XP level 4. HP: 41/41 MP: 4/4
  2157 | D:4      | Reached skill level 5 in Fighting
  2180 | D:4      | Noticed an ogre
  2185 | D:4      | Reached XP level 5. HP: 48/48 MP: 5/5
  2186 | D:4      | Noticed Robin
  2567 | D:3      | Paralysed by Grinder for 4 turns
  2590 | D:4      | Killed Grinder
  2590 | D:4      | Reached skill level 5 in Axes
  2590 | D:4      | Reached skill level 5 in Armour
  2590 | D:4      | Reached XP level 6. HP: 20/57 MP: 6/6
  3018 | D:4      | Found a staircase to the Ecumenical Temple.
  3025 | Temple   | Entered the Ecumenical Temple
  3212 | Temple   | Became a worshipper of Makhleb the Destroyer
  3409 | D:4      | Killed Robin
  3482 | D:5      | Entered Level 5 of the Dungeon
  3500 | D:5      | Noticed Eustachio
  3527 | D:5      | Reached XP level 7. HP: 59/64 MP: 7/7
  3551 | D:5      | Killed Eustachio
  3716 | D:5      | Found a white marble altar of Elyvilon.
  3723 | D:5      | Found a shadowy altar of Dithmenos.
  3730 | D:5      | Found a radiant altar of Vehumet.
  3732 | D:5      | Found a stormy altar of Qazlal.
  3871 | D:5      | Reached XP level 8. HP: 65/73 MP: 8/8
  4112 | D:5      | Noticed Blork the orc
  4119 | D:5      | Killed Blork the orc
  4245 | D:5      | Noticed Menkaure
  4245 | D:5      | Noticed Duvessa
  4245 | D:5      | Noticed Dowan
  4282 | D:6      | Killed Duvessa
  4287 | D:6      | Killed Dowan
  4287 | D:6      | Reached * piety under Makhleb
  4293 | D:6      | Killed from afar by an orc priest

Vault maps used:
D:1:      lemuel_arrival_cross
D:2:      chequers_ecumenical_altar_twisty
D:3:      minmay_misc_feat_roman, kennysheep_potato, uniq_grinder
D:4:      temple_fountains, first_bread, uniq_robin
D:5:      minitemple, minmay_misc_feat_room, dk_yredelemnul_ordeal,
          uniq_blork_the_orc, uniq_eustachio, uniq_menkaure, uniq_duvessa
D:6:      feat_on_display, uniq_edmund, uniq_sigmund
Temple:   eino_temple_rhombus

Skill      XL: |  1  2  3  4  5  6  7 |
---------------+----------------------+-----
Fighting       | 4 5 6 7 |  7.9
Axes           | 3 4 5 7 |  7.6
Armour         | 4 5 6 |  6.9
Shields        | |  3.3

Action                   |  1- 3 |  4- 6 |  7- 9 || total
-------------------------+-------+-------+-------++-------
Melee: War axe           |    83 |   108 |   110 ||   301
  Use: Potion            |     1 |     2 |     1 ||     4
       Scroll            |     4 |       |       ||     4
  Eat: Chunk             |     3 |     5 |     3 ||    11
Armor: Scale mail        |    22 |    33 |    32 ||    87
       Plate armour      |       |       |    56 ||    56
Dodge: Dodged            |    17 |    23 |    38 ||    78
Block: Shield            |    58 |    61 |   106 ||   225
       Reflection        |     1 |       |     1 ||     2

Table legend:
 A = Spawn XP
 B = Non-spawn XP
 C = Spawn XP percentage of total XP
 D = Spawn monster count
 E = Non-spawn monster count
 F = Spawn count percentage of total count
 G = Total turns spent on level
                    A         B        C        D         E        F      G
               +---------+---------+-------+---------+---------+-------+---------
         Total |       0 |    1709 |   0.0 |       0 |      88 |   0.0 |  4293
               +---------+---------+-------+---------+---------+-------+---------
           D:1 |       0 |       6 |   0.0 |       0 |       5 |   0.0 |   471
           D:2 |       0 |      74 |   0.0 |       0 |      19 |   0.0 |  1506
           D:3 |       0 |      37 |   0.0 |       0 |      15 |   0.0 |   446
           D:4 |       0 |     489 |   0.0 |       0 |      21 |   0.0 |   855
           D:5 |       0 |     857 |   0.0 |       0 |      21 |   0.0 |   782
           D:6 |       0 |     246 |   0.0 |       0 |       7 |   0.0 |    29
               +---------+---------+-------+---------+---------+-------+---------
